 Dungeon Crawl Stone Soup version 0.31-a0-940-gdaa99269f9 (webtiles) character file.

Game seed: 17614345847844734933

238 SigmundSlayer the Trooper (level 6, 38/38 HPs)
             Began as a Gargoyle Fighter on Oct 21, 2023.
             Got out of the dungeon alive.
             The game lasted 00:03:41 (2753 turns).

SigmundSlayer the Trooper (Gargoyle Fighter)        Turns: 2753, Time: 00:03:41

Health: 38/38      AC: 11    Str: 21    XL:     6   Next: 7%
Magic:  6/6        EV:  9    Int:  9    God:
Gold:   141        SH:  4    Dex:  9    Spells: 5/5 levels left

rFire   . . .        a - +0 flail
rCold   + . .        c - +0 buckler
rNeg    + . .        b - +0 scale mail
rPois   ∞            (no helmet)
rElec   +            (no cloak)
rCorr   .            (no gloves)
SInv    .            (no boots)
Will    .....        (no amulet) Stlth
                     l - ring of protection from cold
HPRegen 0.26/turn    (no ring)
MPRegen 0.10/turn

%: no passive effects
@: no status effects
A: sickness immunity, AC +4, negative energy resistance 1, electricity
resistance, torment resistance 1, petrification resistance
a: no special abilities


You escaped.
You visited 1 branch of the dungeon, and saw 3 of its levels.

You collected 141 gold pieces.

Inventory:

Hand Weapons
 a - a +0 flail (weapon)
Missiles
 h - 2 javelins
Armour
 b - a +0 scale mail (worn)
 c - a +0 buckler (worn)
Jewellery
 l - a ring of protection from cold (left hand)
 p - the ring "Mosiasir" {rElec rPois rN+}
   (You found it on level 2 of the Dungeon)

   [ring of poison resistance]

   rElec:     It insulates you from electricity.
   rPois:     It protects you from poison rN+: It protects you from negative
   energy.
Scrolls
 f - a scroll of vulnerability {unknown}
 g - a scroll of blinking {unknown}
 i - 5 scrolls of identify {unknown}
 m - 3 scrolls of teleportation {unknown}
 o - a scroll of torment {unknown}
 q - 2 scrolls of poison {unknown}
 r - a scroll of amnesia {unknown}
 t - a scroll of fear {unknown}
 v - a scroll of fog {unknown}
Potions
 d - 2 potions of might
 e - a potion of curing {unknown}
 j - a potion of resistance {unknown}
 k - a potion of magic {unknown}
 n - 2 potions of brilliance {unknown}
 s - a potion of haste {unknown}
 u - a potion of attraction {unknown}


   Skills:
 + Level 4.3 Fighting
 + Level 3.2 Maces & Flails
 + Level 2.1 Throwing
 + Level 4.3 Armour
 + Level 4.3 Shields


You had 5 spell levels left.
You didn't know any spells.
Your spell library was empty.

Dungeon Overview and Level Annotations

Branches:
Dungeon (3/15)

Altars:
Wu Jian
Xom

Shops:
D:1 [   D:2 (   D:3 =


Innate Abilities, Weirdness & Mutations

You are immune to sickness and miasma.
Your stone body is resilient. (AC +4)
You are immune to poison.
You resist negative energy. (rN+)
You are resistant to electric shocks. (rElec)
You are resistant to unholy torment.
You are immune to petrification.


Message History

a +0 giant club; an ogre corpse
Found a robe.
There is an open door here.
You open the door.
Found an ornate altar of the Wu Jian Council.
You open the door.
Found Muoh's One-of-a-Kind Rings.
There is an open door here.
There is an entrance to Muoh's One-of-a-Kind Rings here.
You can access your shopping list by pressing '$'.
You now have 141 gold pieces (gained 14).
You open the gate.
Found a shimmering altar of Xom.
There is an open gate here.
There is an open gate here.
There is an open door here.
There is a stone staircase leading down here.
There is a stone staircase leading up here.
There is a stone staircase leading down here.
Done exploring.
Done exploring.
You can't go down here!
Okay, then.
Welcome back, SigmundSlayer the Gargoyle Fighter.
Press ? for a list of commands and other information.
What level of the Dungeon? (default 1, ? - help)
There is a stone staircase leading up here.
You climb upwards.
There is a stone staircase leading down here.
You open the door.
There is an open door here.
There is a stone staircase leading up here.
You climb upwards.
There is a stone staircase leading down here.
There is an open door here.
You open the door.
There is an open door here.
There is an open door here.
There is a staircase leading out of the dungeon here.
You have escaped!

#.###### #.# #.......
#......# #.# #.~~~~≈.
#####'## #.###.~≈≈≈~. #.#
#.##..~≈≈≈~. #'#
#.#...~~~~~. #.#
###.#.........
##'###.......~~~~..
#######...#####..#.~≈≈~.~
#.'.'.'.@.'.'.'..#.~≈≈≈.~
#.#####...#####....~≈≈~.~
#.######'##....#)..≈~~~.~
#......#.#>...###........
#####.##'#####.#.###..##.
###.##.# ###..####.###.
#....#'# #..........>#.
##......###.#.#####.....
#...........#.# ###..#


There were no monsters in sight!

Vanquished Creatures
  An ogre (D:3)
  A hound (D:3)
  A gnoll (D:1)
  4 adders
  A worm (D:2)
  5 dart slugs
  An orc (D:3)
  7 ball pythons
  5 endoplasms
  A giant cockroach (D:1)
  7 goblins
  4 hobgoblins
  4 jackals (D:1)
  4 quokkas
  5 bats
  6 frilled lizards
  4 kobolds
  7 rats
68 creatures vanquished.

Notes
Turn   | Place    | Note
-------+----------+-------------------------------------------
     0 | D:1      | SigmundSlayer the Gargoyle Fighter began the quest for the
                  | Orb.
     0 | D:1      | Reached XP level 1. HP: 14/14 MP: 1/1
   215 | D:1      | Found Ysece's Armour Emporium.
   226 | D:1      | Reached XP level 2. HP: 19/19 MP: 2/2
   340 | D:1      | Reached XP level 3. HP: 9/23 MP: 3/3
   754 | D:1      | Reached skill level 1 in Throwing
  1017 | D:2      | Reached XP level 4. HP: 29/29 MP: 4/4
  1170 | D:2      | Identified the ring "Mosiasir" {rElec rPois rN+}
  1179 | D:2      | Found a faded altar of an unknown god.
  1386 | D:2      | Found Bummuf's Weapon Shop.
  2264 | D:3      | Reached XP level 5. HP: 22/33 MP: 5/5
  2375 | D:3      | Noticed an ogre
  2384 | D:3      | Killed an ogre
  2385 | D:3      | Reached XP level 6. HP: 24/38 MP: 6/6
  2505 | D:3      | Found an ornate altar of the Wu Jian Council.
  2523 | D:3      | Found Muoh's One-of-a-Kind Rings.
  2543 | D:3      | Found a shimmering altar of Xom.
  2753 | D:$      | Got out of the dungeon alive.

Illustrated notes

Levels and vault maps discovered:
D:1:      minmay_arrival_doors, layout_loops_ring, serial_shops, shop,
          roderic_nine_men_s_morris, minmay_misc_feat_rugged, minivault_14,
          minmay_misc_feat_encased
D:2:      layout_basic, nicolae_ecumenical_pavilion, serial_forest,
          infiniplex_forest_clump_C, infiniplex_forest_end_1,
          infiniplex_forest_clump_tiny, infiniplex_forest_side_room,
          infiniplex_forest_lined_2, infiniplex_forest_lined_4_way,
          infiniplex_forest_lined_4_way, infiniplex_forest_straight_4,
          serial_shops, nicolae_shop_tiny_waterfront
D:3:      layout_basic, lemuel_doored_altar, mainiacjoe_overflow_alcove_4,
          minmay_misc_feat_four_crosses, nicolae_shop_unique_rings

Skill      XL: |  1  2  3  4  5 |
---------------+----------------+-----
Throwing       | 1 2 |  2.1
Armour         | 4 |  4.3
Shields        | 4 |  4.3
Fighting       | 4 |  4.3
Maces & Flails | 3 |  3.2

Action                     |  1- 3 |  4- 6 || total
---------------------------+-------+-------++-------
  Melee: Flail             |   145 |   123 ||   268
 Armour: Scale mail        |   115 |   104 ||   219
  Dodge: Dodged            |    86 |    90 ||   176
  Block: Buckler           |    25 |    34 ||    59

Table legend: (Time is in decaauts)
 A = Elapsed time spent in this place.
 B = Non-inter-level travel time spent in this place.
 C = Inter-level travel time spent in this place.
 D = Time resting spent in this place.
 E = Time spent auto-exploring this place.
 F = Levels seen in this place.
 G = Mean time per level.
                   A        B        C        D        E       F      G
               +--------+--------+--------+--------+--------+-----+--------+
         Total |   2837 |   2643 |    194 |    147 |   1911 |   3 |  945.7 |
       Dungeon |   2837 |   2643 |    194 |    147 |   1911 |   3 |  945.7 |
               +--------+--------+--------+--------+--------+-----+--------+

Top non-repeatable levels by time:
     D:2: 1084 daAuts
     D:1: 949 daAuts
     D:3: 802 daAuts
